 Dungeon Crawl Stone Soup version 0.31-a0-675-g238779eb0a (webtiles) character file.

Game seed: 6040390903489075181

1234 qw the Skirmisher (level 8, -4/50 HPs)
             Began as a Gargoyle Hunter on Sept 5, 2023.
             Was an Initiate of Okawaru.
             Slain by an ogre
             ... wielding a +0 giant club
              (23 damage)
             ... on level 5 of the Dungeon.
             The game lasted 00:01:42 (4387 turns).

qw the Skirmisher (Gargoyle Hunter)                 Turns: 4387, Time: 00:01:43

Health: -4/50      AC: 12    Str: 15    XL:     8   Next: 48%
Magic:  8/8        EV: 11    Int: 10    God:    Okawaru [......]
Gold:   99         SH:  0    Dex: 15    Spells: 7/7 levels left

rFire   . . .        a - +0 shortbow (heavy)
rCold   . . .        (shield currently unavailable)
rNeg    + . .        b - +0 ring mail
rPois   inf          f - +0 helmet
rElec   +            (no cloak)
rCorr   .            (no gloves)
SInv    .            (no boots)
Will    .....        i - amulet of the acrobat
Stlth   +            (no ring)
HPRegen 0.28/turn    (no ring)
MPRegen 0.11/turn

%: acrobat
@: no status effects
A: sickness immunity, AC +5, negative energy resistance 1, electricity
resistance, torment resistance 1, petrification resistance
a: Renounce Religion


You were on level 5 of the Dungeon.
You worshipped Okawaru.
Okawaru was noncommittal.
You visited 2 branches of the dungeon, and saw 6 of its levels.
You also visited: Sewer.

You collected 99 gold pieces.


Innate Abilities, Weirdness & Mutations

You are immune to sickness and miasma.
Your stone body is resilient. (AC +5)
You are immune to poison.
You resist negative energy. (rN+)
You are resistant to electric shocks. (rElec)
You are resistant to unholy torment.
You are immune to petrification.


   Skills:
 + Level 5.6 Fighting
 - Level 9.2 Ranged Weapons
 - Level 2.1 Armour
 - Level 2.1 Dodging
 - Level 1.1 Stealth


You had 7 spell levels left.
You didn't know any spells.
Your spell library was empty.

Inventory:

Hand Weapons
 a - a +0 heavy shortbow (weapon)
Armour
 b - a +0 ring mail (worn)
 f - a +0 helmet (worn)
Jewellery
 i - an amulet of the acrobat (around neck)
Scrolls
 h - 2 scrolls of identify
 n - 2 scrolls of teleportation
Potions
 c - a potion of might
 d - 2 potions of enlightenment
 e - a potion of haste
 g - a potion of cancellation
 j - a potion of brilliance {unknown}
 k - a potion of heal wounds {unknown}
 l - a potion of curing {unknown}
 m - a potion of degeneration {unknown}

Dungeon Overview and Level Annotations

Branches:
Dungeon (5/15)             Temple (1/1) D:4           Sewer (visited)

Altars:
Ashenzari
Cheibriados
Dithmenos
Fedhas
Gozag
Kikubaaqudgha
Makhleb
Nemelex Xobeh
Okawaru
Qazlal
Ru
Sif Muna
Trog
Wu Jian
Xom
Yredelemnul
Zin
The Shining One

Shops:
D:3 [


Message History

The adder bites you but does no damage. The adder barely misses you.
You shoot an arrow. The arrow hits the adder!!
You kill the adder!
Okawaru accepts your kill.
Found a flux talisman.
You see here a flux talisman.
A hound and an ogre come into view.
The hound barks!
A scorpion comes into view.
Enter note:
Enter note:
Enter note:
Enter note:
Enter note:
Enter note:
Enter note:
4378 |||
Found retreat position at -2,0 (floor) with 0 blocking monsters and 1 monsters attacking at destination at distance 4
Enter note:
Enter note:
Enter note:
4378 |||
Found retreat position at -2,0 (floor) with 0 blocking monsters and 1 monsters attacking at destination at distance 4
4378 ||| RETREATING.
The hound barely misses you.
A hound is nearby!
You shoot an arrow. The arrow hits the hound.
The hound is lightly wounded.
The hound bites you. The hound bites you but does no damage.
You shoot an arrow. The arrow hits the hound!
The hound is heavily wounded.
The hound closely misses you. The hound bites you but does no damage.
You shoot an arrow. The arrow hits the hound!
You kill the hound!
Okawaru accepts your kill.
The ogre hits you with a +0 giant club!!
You shoot an arrow.
The arrow hits the ogre but does no damage.
You shoot an arrow. The arrow completely misses the ogre.
The ogre hits you with a +0 giant club!
The ogre hits you with a +0 giant club!!
You die...

#.##..# #. ## #..#.#
#.#...##. . #.##.(
#.#..##.. .s #. ### #.#..#
.# ... .. #..
######.#..##.# .h.# ###.#
..........#..#.O.# #....
######.##.#....# #.#.#
#.##.#.####... #.#.#
#.##@#......#####.#.#
###.##.O...####........
........##### #......#.#
#######.##########..#####.#
.................#..##.....
#..###.########.#..##.....
#......<# #.#...'.....
#.#.##### #.##.##.....
#...# #####.##.#####.#


You could see an ogre.

Vanquished Creatures
  Edmund (D:4)
  An ice beast (D:5)
  An ogre (D:4)
  A phantom (D:4)
  2 scorpions
  4 hounds
  An orc priest (D:3)
  3 jellies (Sewer)
  Jessica (D:2)
  3 iguanas
  Terence (D:3)
  An orc wizard (D:3)
  Natasha (thrice) (D:3)
  Robin (D:3)
  3 gnolls (D:4)
  11 adders
  2 river rats (Sewer)
  4 worms
  2 dart slugs
  9 orcs
  11 endoplasms
  4 giant cockroaches
  9 goblins
  8 hobgoblins
  7 jackals
  3 quokkas (D:4)
  4 ball pythons
  8 bats
  10 frilled lizards
  4 kobolds
  9 rats
132 creatures vanquished.

Notes
Turn   | Place    | Note
-------+----------+-------------------------------------------
     0 | D:1      | qw the Gargoyle Hunter began the quest for the Orb.
     0 | D:1      | Reached XP level 1. HP: 12/12 MP: 1/1
     0 | D:1      | 0 ||| qw: Version: 0.3-a-75-g829b12e
     0 | D:1      | 0 ||| qw: Game counter: 134
     0 | D:1      | 0 ||| qw: Melee chars always use a shield: true
     0 | D:1      | 0 ||| qw: God list: Okawaru
     0 | D:1      | 0 ||| qw: Allow faded altars: false
     0 | D:1      | 0 ||| qw: Do Orc after clearing Dungeon:15 true
     0 | D:1      | 0 ||| qw: Do second Lair branch before Depths: true
     0 | D:1      | 0 ||| qw: Lair rune preference: random
     0 | D:1      | 0 ||| qw: Goals: Normal
     0 | D:1      | 0 ||| PLANNING D:1-11
   183 | D:1      | Found a faded altar of an unknown god.
   216 | D:1      | Reached XP level 2. HP: 17/17 MP: 2/2
   611 | D:1      | Reached XP level 3. HP: 21/21 MP: 3/3
   769 | D:1      | Reached skill level 5 in Ranged Weapons
   983 | D:1      | 983 ||| DROPPING scroll of butterflies.
  1028 | D:2      | Noticed Jessica
  1030 | D:2      | Killed Jessica
  1031 | D:2      | Reached skill level 3 in Fighting
  1127 | D:2      | Reached XP level 4. HP: 28/28 MP: 4/4
  1617 | D:2      | 1617 ||| READING scroll labelled SAOC WEONGAPIU.
  1618 | D:2      | 1618 ||| READING scroll labelled ARUCAESCHUS.
  1619 | D:2      | 1619 ||| READING 2 scrolls labelled BYLICU OZEWKI.
  1620 | D:2      | 1620 ||| READING scroll of brand weapon.
  1620 | D:2      | 1620 ||| BRANDING +0 shortbow of electrocution.
  1652 | D:3      | 1652 ||| RETREATING.
  1659 | D:3      | Reached XP level 5. HP: 32/32 MP: 5/5
  1659 | D:3      | Noticed Terence
  1670 | D:3      | Reached skill level 6 in Ranged Weapons
  1675 | D:3      | Killed Terence
  1772 | D:3      | Noticed Natasha
  1779 | D:3      | Noticed Robin
  1781 | D:3      | 1781 ||| Stepping ~*~*~tactically~*~*~ (retreating).
  1782 | D:3      | 1782 ||| Stepping ~*~*~tactically~*~*~ (retreating).
  1783 | D:3      | Killed Natasha
  1787 | D:3      | Killed Robin
  1788 | D:3      | Reached XP level 6. HP: 32/38 MP: 6/6
  1907 | D:3      | Found a glowing silver altar of Zin.
  1908 | D:3      | Found a sparkling altar of Nemelex Xobeh.
  1918 | D:3      | Found Zugoowo's Armour Shoppe.
  1924 | D:3      | 1924 ||| SHOPLISTING +1 leather armour "Xiutsant" {Str+3}
                  | (263 gold, have 51).
  1924 | D:3      | 1924 ||| SHOPLISTING +2 robe of resistance (490 gold, have
                  | 51).
  2009 | D:3      | Noticed Natasha
  2027 | D:3      | Killed Natasha
  2069 | D:3      | Noticed Natasha
  2074 | D:3      | Killed Natasha
  2172 | D:3      | You fall into a shaft and drop 2 floors!
  2172 | D:5      | Entered Level 5 of the Dungeon
  2174 | D:5      | Found a stormy altar of Qazlal.
  2202 | D:5      | Reached skill level 7 in Ranged Weapons
  2376 | D:5      | 2376 ||| UPGRADING to +0 ring mail.
  2377 | D:5      | 2377 ||| FLEEEEING.
  2378 | D:5      | 2378 ||| FLEEEEING.
  2380 | D:5      | 2380 ||| STAIRDANCE
  2382 | D:4      | 2382 ||| PLANNING SEWER
  2382 | D:4      | 2382 ||| UPGRADING to +0 ring mail.
  2392 | D:4      | 2392 ||| DROPPING +0 leather armour.
  2393 | D:4      | 2393 ||| UPGRADING to +0 helmet.
  2509 | D:4      | Found a glowing drain.
  2510 | D:4      | 2510 ||| UPGRADING to amulet of the acrobat.
  2515 | D:4      | 2515 ||| READING scroll labelled CEYMED HELEXAU.
  2520 | D:4      | 2520 ||| READING scroll labelled HUCVAJEQOBB.
  2521 | D:4      | 2521 ||| READING 3 scrolls of identify.
  2521 | D:4      | 2521 ||| IDENTIFYING coppery potion
  2522 | D:4      | 2522 ||| READING 2 scrolls of identify.
  2522 | D:4      | 2522 ||| IDENTIFYING grey potion
  2523 | D:4      | 2523 ||| DROPPING potion of lignification.
  2576 | Sewer    | Entered a sewer
  2594 | Sewer    | Reached XP level 7. HP: 43/43 MP: 7/7
  2639 | Sewer    | Reached skill level 1 in Armour
  2661 | Sewer    | 2661 ||| Stepping ~*~*~tactically~*~*~ (water).
  2669 | Sewer    | 2669 ||| Stepping ~*~*~tactically~*~*~ (water).
  2716 | Sewer    | Found a viscous altar of Jiyva.
  2717 | Sewer    | 2717 ||| Stepping ~*~*~tactically~*~*~ (water).
  2771 | Sewer    | 2771 ||| Stepping ~*~*~tactically~*~*~ (water).
  2824 | Sewer    | 2824 ||| DRINKING 2 smoky yellow potions.
  2825 | Sewer    | 2825 ||| DRINKING 2 golden potions.
  2826 | Sewer    | 2826 ||| DROPPING potion of magic.
  2847 | D:4      | 2847 ||| PLANNING D:1-11
  3208 | D:3      | 3208 ||| READING 2 scrolls of identify.
  3208 | D:3      | 3208 ||| IDENTIFYING blue potion
  3266 | D:4      | Reached skill level 8 in Ranged Weapons
  3279 | D:4      | Found a broken altar of Ashenzari.
  3281 | D:4      | Found a sacrificial altar of Ru.
  3281 | D:4      | Found an opulent altar of Gozag.
  3281 | D:4      | Found a burning altar of Makhleb.
  3288 | D:4      | Found a shadowy altar of Dithmenos.
  3288 | D:4      | Found an ornate altar of the Wu Jian Council.
  3342 | D:4      | 3342 ||| READING scroll of brand weapon.
  3342 | D:4      | 3342 ||| BRANDING +0 shortbow of flaming.
  3378 | D:4      | Found a blossoming altar of Fedhas.
  3380 | D:4      | Noticed Edmund
  3381 | D:4      | 3381 ||| Stepping ~*~*~tactically~*~*~ (retreating).
  3387 | D:4      | HP: 9/44 [Edmund/+3 flail of protection (7)]
  3388 | D:4      | Killed Edmund
  3389 | D:4      | Reached XP level 8. HP: 10/49 MP: 8/8
  3392 | D:4      | HP: 3/49 [gnoll/+2 flail of draining (4)]
  3796 | D:4      | Found a staircase to the Ecumenical Temple.
  3797 | D:4      | 3797 ||| PLANNING TEMPLE
  3797 | D:4      | 3797 ||| READING scroll labelled TOUNKO UXTIT.
  3798 | D:4      | 3798 ||| READING 2 scrolls of identify.
  3798 | D:4      | 3798 ||| IDENTIFYING fuming white potion
  3807 | Temple   | Entered the Ecumenical Temple
  3808 | Temple   | 3808 ||| PLANNING OKAWARU WORSHIP
  3812 | Temple   | Became a worshipper of Warmaster Okawaru
  3813 | Temple   | 3813 ||| PLANNING D:1-11
  4309 | D:5      | Reached skill level 9 in Ranged Weapons
  4378 | D:5      | 4378 ||| RETREATING.
  4387 | D:5      | Slain by an ogre

Levels and vault maps discovered:
D:1:      noname_arrival_rooms_in_the_neighbourhood, layout_basic,
          basic_ecumenical_altar
D:2:      layout_basic, uniq_jessica
D:3:      layout_loops_ring, nicolae_overflow_squiral, serial_shops, shop,
          uniq_terence, uniq_robin, uniq_natasha
D:4:      layout_loops_cross, minmay_overflow_temple_hex, old_standard_altar,
          temple_hall, gup_sewer_entry_bubbles, uniq_edmund
D:5:      minmay_evil_eye, layout_basic, nicolae_qazlal_general_emergency
Temple:   hellmonk_temple_micro_hex

Skill      XL: |  1  2  3  4  5  6  7  8 |
---------------+-------------------------+-----
Ranged Weapons | 5 6 7 8 9 |  9.2
Fighting       | 3 4 5 |  5.6
Dodging        | 2 |  2.1
Armour         | 1 2 |  2.1
Stealth        | |  1.1

Action                     |  1- 3 |  4- 6 |  7- 9 || total
---------------------------+-------+-------+-------++-------
   Fire: Shortbow          |    67 |   181 |   168 ||   416
    Use: Scroll            |       |     8 |     4 ||    12
         Potion            |       |       |     2 ||     2
 Armour: Leather armour    |    15 |    72 |       ||    87
         Ring mail         |       |     6 |    64 ||    70
  Dodge: Dodged            |    15 |    60 |    45 ||   120

Table legend:
 A = Non-vault XP
 B = Vault XP
 C = Vault XP percentage of total XP
 D = Non-vault monster count
 E = Vault monster count
 F = Vault count percentage of total count
                 A         B        C        D         E       F
            +---------+---------+-------+---------+---------+-------
      Total |    1186 |     578 |  32.8 |      92 |      40 |  30.3
            +---------+---------+-------+---------+---------+-------
        D:1 |      39 |       0 |   0.0 |      24 |       0 |   0.0
        D:2 |      59 |      37 |  38.5 |      23 |       1 |   4.2
        D:3 |     277 |      97 |  25.9 |      14 |       9 |  39.1
        D:4 |     515 |     181 |  26.0 |      20 |       6 |  23.1
        D:5 |     296 |      66 |  18.2 |      11 |       4 |  26.7
      Sewer |       0 |     197 | 100.0 |       0 |      20 | 100.0
            +---------+---------+-------+---------+---------+-------
